 Dungeon Crawl Stone Soup version 0.27.0-1-g7a089689b8 (webtiles) character file.

Game seed: 5761427380504298259

256 nightchill the Skirmisher (level 5, -2/40 (41) HPs)
             Began as a Palentonga Fighter on Aug 5, 2021.
             Was a Believer of Hepliaklqana.
             Slain by a gnoll (4 damage)
             ... on level 4 of the Dungeon.
             The game lasted 00:06:58 (4283 turns).

nightchill the Skirmisher (Palentonga Fighter)      Turns: 4283, Time: 00:06:59

HP:   -2/40 (41)    AC: 12    Str: 20    XL:     5   Next: 92%
MP:   5/5           EV:  6    Int:  9    God:    Hepliaklqana [**....]
Gold: 205           SH:  8    Dex:  9    Spells: 2/4 levels left

rFire    . . .     SeeInvis +   a - +0 war axe
rCold    . . .     Faith    .   c - +0 kite shield
rNeg     . . .     Spirit   .   g - +4 ring mail
rPois    .         Reflect  .   p - +0 helmet
rElec    .         Harm     .   h - +0 cloak
rCorr    .         Rampage  .   (no gloves)
Will     .....                  (no barding)
Stlth    ..........             (no amulet)
HPRegen  0.13/turn              (no ring)
MPRegen  0.09/turn              (no ring)

@: lightly drained
A: reduced essence, large, rugged brown scales 3, see invisible, deformed body,
roll 1, armoured tail
a: Rolling Charge, Renounce Religion, Recall Ancestor, Ancestor Identity


You were on level 4 of the Dungeon.
You worshipped Hepliaklqana.
Hepliaklqana was pleased with you.
You visited 1 branch of the dungeon, and saw 4 of its levels.

You collected 205 gold pieces.

Inventory:

Hand Weapons
 a - a +0 war axe (weapon)
 e - a +2 dagger of venom
Armour
 b - a +0 scale mail
 c - a +0 kite shield (worn)
 g - a +4 ring mail (worn)
 h - a +0 cloak (worn)
 p - a +0 helmet (worn)
Jewellery
 f - a ring of willpower
 l - a ring of willpower
Scrolls
 d - a scroll of vulnerability {unknown}
 k - a scroll of fear {unknown}
 m - 2 scrolls of amnesia {unknown}
 q - a scroll of immolation {unknown}
 r - a scroll of teleportation {unknown}
Potions
 i - a potion of cancellation {unknown}
 j - a potion of magic {unknown}
 n - a potion of curing {unknown}
 o - 2 potions of flight {unknown}


   Skills:
 + Level 4.9 Fighting
 + Level 4.3 Axes
 - Level 2.4 Armour
 - Level 2.4 Shields
 + Level 1.7 Transmutations


You had 2 spell levels left.
You knew the following spells:

 Your Spells              Type           Power      Damage    Failure   Level
a - Wereblood             Tmut           3%         N/A       91%         2

Your spell library contained the following spells:

 Spells                   Type           Power      Damage    Failure   Level
 Corona                   Hex            0%         N/A       96%         1
 Ensorcelled Hibernation  Hex/Ice        0%         N/A       99%         2
 Sublimation of Blood     Necr           0%         N/A       99%         2
 Ozocubu's Armour         Ice            0%         N/A       100%        3
 Tukima's Dance           Hex            0%         N/A       100%        3
 Metabolic Englaciation   Hex/Ice        0%         N/A       100%        5
 Simulacrum               Ice/Necr       0%         N/A       100%        6
 Summon Hydra             Summ           0%         N/A       100%        7


Dungeon Overview and Level Annotations

Branches:
Dungeon (4/15)
 Temple: D:4-7

Altars:
Hepliaklqana
Kikubaaqudgha
Trog
Xom


Innate Abilities, Weirdness & Mutations

Your life essence is reduced to manifest your ancestor. (-10% HP)
You are completely covered in rugged brown scales. (AC +3, +7% HP)
You have supernaturally acute eyesight. (SInv)
Armour fits poorly on your strangely shaped body.
You can roll at nearby foes to attack.
You have a long armoured tail.


Message History

The gnoll hits you but does no damage. x2
You closely miss the gnoll.
The gnoll is heavily wounded.
You block the gnoll's attack. The gnoll hits you with a +0 whip.
* * * LOW HITPOINT WARNING * * *
The gnoll hits you but does no damage. The gnoll barely misses you.
Okay, then.
You hit the gnoll.
The gnoll is heavily wounded.
The gnoll barely misses you. You block the gnoll's attack.
You barely miss the gnoll.
The gnoll is heavily wounded.
The gnoll hits you but does no damage. The gnoll hits you with a +0 whip.
* * * LOW HITPOINT WARNING * * *
The gnoll hits you but does no damage. You block the gnoll's attack.
You hit the gnoll.
The gnoll is severely wounded.
The gnoll hits you but does no damage. You block the gnoll's attack.
You barely miss the gnoll.
The gnoll is severely wounded.
You block the gnoll's attack. The gnoll barely misses you.
You block the gnoll's attack. The gnoll barely misses you.
You hit the gnoll.
You kill the gnoll!
The gnoll hits you from afar with a +0 spear!
* * * LOW HITPOINT WARNING * * *
The necrophage hits you but does no damage.
You slash the necrophage!
The necrophage is moderately damaged.
The gnoll hits you from afar with a +0 spear.
* * * LOW HITPOINT WARNING * * *
You block the necrophage's attack. The gnoll hits you but does no damage.
You closely miss the necrophage.
The necrophage is moderately damaged.
The necrophage hits you but does no damage.
The gnoll completely misses you. The necrophage hits you.
* * * LOW HITPOINT WARNING * * *
You feel drained.
The gnoll hits you from afar with a +0 spear.
You die...

..............#..#..###....##.
#..........##...........##..#.
#..(.......###....###.........
.....?..$..###.#.. ######.##.
#...........#..#.# #.##.
.#..<......)..## #.##.
#.........g..# #####.###
#.###.#...#n## #........
#.........#@# ######.###
#...###.##..#.# #.# #..## #.
#.##..... #.#####.##
#.####...' #.##......
#..##....#≈ #.........
##.##..##### #..#...... #.##..
##........ . #.##.# ##.......
...####.##.# #....#.#


You could see a necrophage and a gnoll.

Vanquished Creatures
  A bullfrog zombie (D:3)
  A hound (D:4)
  Terence (D:2)
  Robin (D:2)
  3 gnolls (D:4)
  3 adders
  An adder zombie (D:1)
  3 dart slugs
  A hexer (D:4)
  7 endoplasms
  3 giant cockroaches
  10 goblins
  5 hobgoblins
  3 jackals (D:3)
  7 kobolds
  A quokka (D:1)
  8 ball pythons
  4 bats
  3 frilled lizards (D:3)
  A giant cockroach zombie (D:1)
  4 rats
71 creatures vanquished.

Vanquished Creatures (collateral kills)
  2 adders
  A ball python (D:4)
  A giant cockroach (D:2)
  3 goblins (D:2)
  A rat (D:3)
8 creatures vanquished.

Vanquished Creatures (others)
  An ancestor (D:2)
1 creature vanquished.

Grand Total: 80 creatures vanquished

Notes
Turn   | Place    | Note
-------+----------+-------------------------------------------
     0 | D:1      | nightchill the Palentonga Fighter began the quest for the
                  | Orb.
     0 | D:1      | Reached XP level 1. HP: 19/19 MP: 1/1
    78 | D:1      | Reached XP level 2. HP: 21/25 MP: 2/2
    93 | D:1      | HP: 1/25 [poisoned by a kobold]
   146 | D:1      | HP: 1/25 [kobold (2)]
  1046 | D:1      | Reached XP level 3. HP: 31/31 MP: 3/3
  1347 | D:1      | Found a faded altar of an unknown god.
  1676 | D:1      | Became a worshipper of Hepliaklqana the Forgotten
  1676 | D:1      | Reached * piety under Hepliaklqana
  1915 | D:2      | Reached XP level 4. HP: 35/35 MP: 4/4
  2229 | D:2      | Noticed Robin
  2251 | D:2      | Killed Robin
  2383 | D:2      | Noticed Terence
  2412 | D:2      | Killed Terence
  2453 | D:2      | Learned a level 2 spell: Wereblood
  2913 | D:3      | Found a bloodstained altar of Trog.
  2914 | D:3      | Reached ** piety under Hepliaklqana
  2915 | D:3      | Remembered your ancestor Cipactli as a hexer
  3092 | D:3      | Reached XP level 5. HP: 39/41 MP: 5/5
  3207 | D:3      | Reached skill level 1 in Transmutations
  3971 | D:4      | Found a shimmering altar of Xom.
  4215 | D:4      | Found an ancient bone altar of Kikubaaqudgha.
  4271 | D:4      | Noticed a necrophage
  4283 | D:4      | HP: 2/41 [necrophage (5)]
  4283 | D:4      | Slain by a gnoll

Illustrated notes

Levels and vault maps discovered:
D:1:      saegor_arrival_fortress, layout_basic,
          chequers_ecumenical_altar_island, serial_forest,
          infiniplex_forest_clump_C, infiniplex_forest_lined_3,
          infiniplex_forest_clump_diagonal, infiniplex_forest_corner_1,
          infiniplex_forest_end_2, infiniplex_forest_pool, roderic_roman_lattice
D:2:      layout_basic, minmay_circled_x, uniq_robin, uniq_terence
D:3:      layout_loops_corners, lemuel_tele_altar,
          wander_ebering_terrifying_dragon_lair
D:4:      layout_rooms, mainiacjoe_overflow_boulevard, marbit_many_paths,
          amethyst_overflow_temple_binary, uniq_natasha, uniq_menkaure

Skill      XL: |  1  2  3  4  5 |
---------------+----------------+-----
Axes           | 3 4 |  4.3
Fighting       | 4 |  4.9
Transmutations | 1 |  1.7
Armour         | |  2.4
Shields        | |  2.4

Action                   |  1- 3 |  4- 6 || total
-------------------------+-------+-------++-------
Melee: War axe           |    79 |   117 ||   196
       Tailslap          |     4 |     7 ||    11
Invok: Ancestor Life: He |       |     1 ||     1
 Abil: Rolling Charge    |    10 |    12 ||    22
  Use: Potion            |     1 |       ||     1
 Stab: Confused          |       |     2 ||     2
Armor: Scale mail        |    50 |       ||    50
       Ring mail         |    18 |    78 ||    96
Dodge: Dodged            |    35 |    34 ||    69
Block: Kite shield       |    51 |    64 ||   115
